 Dungeon Crawl Stone Soup version 0.26-a0-1197-gd68fa41eda (webtiles) character file.

Game seed: 6619782004119461778

106 Hopman the Sneak (level 4, -1/21 HPs)
             Began as a Spriggan Conjurer on Dec 28, 2020.
             Slain by Natasha (2 damage)
             ... on level 2 of the Dungeon.
             The game lasted 00:10:05 (2235 turns).

Hopman the Sneak (Spriggan Conjurer)                Turns: 2235, Time: 00:10:05

Health: -1/21      AC:  3    Str:  3    XL:     4   Next: 55%
Magic:  1/10       EV: 19    Int: 20    God:
Gold:   61         SH:  0    Dex: 14    Spells: 7/10 levels left

rFire    . . .     SeeInvis +   b - +0 short sword
rCold    . . .     Faith    .   (shield restricted)
rNeg     . . .     Spirit   .   a - +1 robe
rPois    .         Reflect  .   (helmet restricted)
rElec    .         Harm     .   (no cloak)
rCorr    .         Rampage  .   (gloves unavailable)
Will     .....                  (boots unavailable)
Stlth    +++.......             (no amulet)
HPRegen  0.07/turn              (no ring)
MPRegen  0.12/turn              (no ring)

@: slowed, quick
A: very small, unfitting armour, see invisible, speed 3
a: no special abilities


You were on level 2 of the Dungeon.
You visited 1 branch of the dungeon, and saw 2 of its levels.

You collected 61 gold pieces.

Inventory:

Hand Weapons
 b - a +0 short sword (weapon)
Armour
 a - a +1 robe (worn)
Scrolls
 d - a scroll of enchant weapon {unknown}
 f - 2 scrolls of identify
 h - a scroll of magic mapping {unknown}
 i - a scroll of remove curse {unknown}
Potions
 c - a potion of berserk rage {unknown}
 e - 2 potions of heal wounds
 g - a potion of invisibility {unknown}


   Skills:
 + Level 1.5 Short Blades
 + Level 4.0 Dodging
 + Level 4.4 Stealth
 + Level 3.5 Spellcasting
 + Level 3.3 Conjurations


You had 7 spell levels left.
You knew the following spells:

 Your Spells              Type           Power        Failure   Level
a - Magic Dart            Conj           68%          3%          1
b - Searing Ray           Conj           34%          4%          2

Your spell library contained the following spells:

 Spells                   Type           Power        Failure   Level
 Dazzling Flash           Conj/Hex       20%          21%         3
 Fulminant Prism          Conj/Hex       5%           54%         4
 Iskenderun's Mystic Bla  Conj/Tloc      10%          54%         4


Dungeon Overview and Level Annotations

Branches:
Dungeon (2/15)

Altars:

Annotations:
D:2 Natasha, Terence


Innate Abilities, Weirdness & Mutations

You are very small and have problems with some larger weapons.
You are too small for most types of armour.
You have supernaturally acute eyesight. (SInv)
You cover ground extremely quickly.


Message History

Aiming: Magic Dart (safe; 3% risk of failure)
Press: ? - help, Shift-Dir - straight line, f - Natasha
Aim: Natasha (0% to evade)
The magic dart hits Natasha.
Natasha is lightly wounded.
Natasha stares at you and mumbles some strange words.
You feel yourself slow down.
Natasha mumbles some strange words.
You feel troubled. Natasha barely misses you.
You hit Natasha.
Natasha is lightly wounded.
Natasha stares at you and mumbles some strange words.
The magic dart hits you!
You closely miss Natasha.
Natasha is lightly wounded.
Natasha claws you!
* * * LOW HITPOINT WARNING * * *
Natasha claws you.
You die...

### ### #.######
#.# #.....<# #.#
#.###### #.# #.#
#############.#
######'##
#.h@..........#
........##
#รท###########.###
.........# #.#
########...#
.........# #.#
#.....##...####
.........# #.#
#.....##...'...
.........#####.#
#.....##...####
..............h##
#.....##...#
##'#...#.##.....#
#..)..######
##.#.#.#.##.###.#
#.....#########


You could see Natasha.

Vanquished Creatures
  Natasha (D:2)
  2 adders (D:2)
  4 dart slugs
  2 giant cockroaches (D:2)
  6 goblins
  4 hobgoblins
  9 kobolds
  9 bats
  12 frilled lizards
  9 rats
58 creatures vanquished.

Notes
Turn   | Place    | Note
-------+----------+-------------------------------------------
     0 | D:1      | Hopman the Spriggan Conjurer began the quest for the Orb.
     0 | D:1      | Reached XP level 1. HP: 9/9 MP: 5/5
   276 | D:1      | Reached XP level 2. HP: 13/13 MP: 2/6
   598 | D:1      | Learned a level 2 spell: Searing Ray
  1045 | D:1      | Reached XP level 3. HP: 16/16 MP: 3/8
  1515 | D:2      | Reached skill level 1 in Short Blades
  1725 | D:2      | Reached XP level 4. HP: 21/21 MP: 1/10
  1812 | D:2      | Noticed Natasha
  1812 | D:2      | Noticed Terence
  2185 | D:2      | Killed Natasha
  2217 | D:2      | Noticed Natasha
  2235 | D:2      | HP: 1/21 [Natasha (8)]
  2235 | D:2      | Slain by Natasha

Illustrated notes

Levels and vault maps discovered:
D:1:      lightli_arrival_chessboard, layout_loops_cross,
          hangedman_decor_growths
D:2:      layout_basic, minmay_lizard_pond, uniq_natasha, uniq_terence

Skill      XL: |  1  2  3  4 |
---------------+-------------+-----
Conjurations   | 3 |  3.3
Spellcasting   | 3 |  3.5
Short Blades   | 1 |  1.5
Stealth        | 4 |  4.4
Dodging        | 4 |  4.0

Action                   |  1- 3 |  4- 6 || total
-------------------------+-------+-------++-------
Melee: Short sword       |     1 |     5 ||     6
 Cast: Magic Dart        |    80 |    24 ||   104
       Searing Ray       |     3 |     3 ||     6
  Use: Scroll            |     4 |       ||     4
Armor: Robe              |     1 |     2 ||     3
Dodge: Dodged            |    13 |    14 ||    27

Table legend: (Time is in decaauts)
 A = Elapsed time spent in this place.
 B = Non-inter-level travel time spent in this place.
 C = Inter-level travel time spent in this place.
 D = Time resting spent in this place.
 E = Time spent auto-exploring this place.
 F = Levels seen in this place.
 G = Mean time per level.
                   A        B        C        D        E       F      G
               +--------+--------+--------+--------+--------+-----+--------+
         Total |   1831 |   1809 |     22 |    755 |    745 |   2 |  915.5 |
       Dungeon |   1831 |   1809 |     22 |    755 |    745 |   2 |  915.5 |
               +--------+--------+--------+--------+--------+-----+--------+

Top non-repeatable levels by time:
     D:1: 952 daAuts
     D:2: 879 daAuts
